 Dungeon Crawl Stone Soup version bcrawl-1.15.1 (webtiles) character file.

Game seed: 10737638741056954387

4225 MisterOstroum the Fighter (level 10, -3/93 HPs)
             Began as a Minotaur Archaeologist on Oct 1, 2019.
             Was a Priest of Makhleb.
             Slain by a blink frog (13 damage)
             ... on level 1 of the Lair of Beasts.
             The game lasted 00:12:31 (6378 turns).

MisterOstroum the Fighter (Minotaur Archaeologist)  Turns: 6378, Time: 00:12:31

Health: -3/93      AC: 19    Str: 22    XL:     10   Next: 9%
Magic:  13/13      EV: 14    Int: 11    God:    Makhleb [***...]
Gold:   515        SH:  5    Dex: 15    Spells: 9/9 levels left

rFire    . . .     SeeInvis .   a - +8 mithril axe "Arga" {speed, MR+}
rCold    . . .     Gourm    .   p - +0 buckler
rNeg     . . .     Faith    .   B - +0 plate armour
rPois    .         Spirit   .   c - +2 hat
rElec    .         Reflect  .   A - +0 cloak
rCorr    .         Harm     .   (no gloves)
MR       +....                  d - +2 pair of boots
Stlth    ..........             (no amulet)
HPRegen  0.25/turn              s - +4 ring of strength
MPRegen  0.13/turn              (no ring)

@: agile
A: retaliatory headbutt, horns 2, mutation resistance 1
a: Minor Destruction, Lesser Servant of Makhleb, Renounce Religion


You were on level 1 of the Lair of Beasts.
You worshipped Makhleb.
Makhleb was most pleased with you.
You were hungry.

You visited 2 branches of the dungeon, and saw 9 of its levels.

You collected 651 gold pieces.
You spent 136 gold pieces at shops.

Inventory:

Hand Weapons
 a - the +8 mithril axe "Arga" (weapon) {speed, MR+} Attacks with this weapon are significantly faster. It affects your resistance to hostile enchantments.
 z - a +0 hand axe
Missiles
 l - 2476 stones (quivered)
 n - 226 sling bullets
Armour
 c - a +2 hat (worn)
 d - a +2 pair of boots (worn)
 p - a +0 buckler (worn)
 A - a +0 cloak (worn)
 B - a +0 plate armour (worn)
Jewellery
 s - a +4 ring of strength (left hand)
 C - an uncursed ring of stealth {unknown}
 D - a +4 ring of dexterity {unknown}
Wands
 y - a wand of acid (8)
Scrolls
 b - 2 scrolls of enchant armour
 g - a scroll of remove curse {@r2}
 h - 3 scrolls of teleportation {@r3 !r}
 i - 9 scrolls of identify {@r1}
 k - 2 scrolls of amnesia
 m - 4 scrolls of fog {!r}
 q - 3 scrolls of magic mapping {unknown}
 x - a scroll of fear {unknown}
Potions
 f - a potion of ambrosia
 j - a potion of agility {@q5 !q}
 o - a potion of haste {@q4 !q}
 r - 5 potions of curing {@q1 !q}
 t - 3 potions of lignification {unknown}
 u - 2 potions of mutation
 v - a potion of flight {unknown}
 w - a potion of heal wounds {unknown}
Comestibles
 e - 14 rations {!d}


   Skills:
 + Level 9.9 Fighting
 - Level 9.5(10.0) Axes
   Level 4.8(7.8) Maces & Flails
 - Level 5.5 Armour
 - Level 5.0 Dodging
 - Level 2.6 Stealth
 - Level 4.2 Shields
 + Level 6.3 Invocations


You had 9 spell levels left.
You didn't know any spells.
Your spell library contained the following spells:

 Spells                   Type           Power        Failure   Level  Hunger
 Apportation              Tloc           #.....       100%        1    ##.....
 Infusion                 Chrm           #.......     100%        1    ##.....
 Sandblast                Erth           #.....       100%        1    ##.....
 Slow                     Hex            #.......     100%        1    ##.....
 Summon Butterflies       Summ           #.......     100%        1    ##.....


Dungeon Overview and Level Annotations

Branches:
Dungeon (8/12)             Temple (0/1) D:7            Lair (1/6) D:7
    Orc: D:8-11

Altars:
Makhleb

Shops:
D:5 :*

Annotations:
D:8 Harold


Innate Abilities, Weirdness & Mutations

You reflexively headbutt those who attack you in melee.
You have a pair of horns on your head.
You are somewhat resistant to further mutation.


Message History

The blink frog blinks!
The blink frog hits you but does no damage.
The blink frog blinks!
You slash the blink frog!
The blink frog is severely wounded.
The blink frog hits you!
The blink frog blinks!
You block the blink frog's attack.
You hit the blink frog.
The blink frog is severely wounded.
You hit the plant.
The blink frog hits you but does no damage.
You slice the blink frog!!
You kill the blink frog!
Makhleb accepts your kill.
You feel better.
Your Invocations skill increases to level 6!
You have reached level 10!
You slash the plant! You slice the blink frog!!
Your headbutt misses the blink frog.
The blink frog is heavily wounded.
You hit the plant.
You are feeling hungry.
The blink frog barely misses you.
You slash the blink frog! Your headbutt misses the blink frog.
The blink frog is severely wounded.
Your plate armour prevents you from hitting the blink frog.
You hit the plant.
The blink frog hits you but does no damage. x2
You miss the blink frog.
The blink frog is severely wounded.
You hit the blink frog. You slice the plant!! The blink frog hits you.
The blink frog hits you!
You barely miss the blink frog.
The blink frog is severely wounded.
You slash the plant!
You destroy the plant!
You hit the blink frog.
The blink frog blinks!
The blink frog hits you!
The blink frog blinks!
The blink frog hits you.
You hit the blink frog.
The blink frog is lightly wounded.
The blink frog hits you!
The blink frog blinks! x2
You are too injured to fight recklessly!
You are too injured to fight recklessly!
You are too injured to fight recklessly!
You are too injured to fight recklessly!
You are too injured to fight recklessly!
The blink frog blinks!
The blink frog hits you.
Your plate armour prevents you from hitting the blink frog.
The blink frog is severely wounded.
The blink frog blinks!
Your plate armour prevents you from hitting the blink frog.
The blink frog is lightly wounded.
The blink frog hits you but does no damage.
You barely miss the blink frog.
You headbutt the blink frog, but do no damage.
The blink frog is lightly wounded.
The blink frog hits you but does no damage.
You slash the blink frog!
The blink frog is heavily wounded.
The blink frog barely misses you.
You closely miss the blink frog.
The blink frog is heavily wounded.
The blink frog hits you!
The blink frog blinks!
Your plate armour prevents you from hitting the blink frog.
The blink frog is lightly wounded.
The blink frog blinks!
The blink frog hits you!
* * * LOW HITPOINT WARNING * * *
Unknown command.
Unknown command.
The blink frog hits you but does no damage.
The blink frog hits you.
* * * LOW HITPOINT WARNING * * *
Okay, then.
It was a potion of ambrosia.
You are confused.
You feel invigorated. The blink frog hits you.
* * * LOW HITPOINT WARNING * * *
The blink frog barely misses you.
The blink frog blinks!
The blink frog hits you!
* * * LOW HITPOINT WARNING * * *
It was a potion of agility.
You feel agile all of a sudden. The blink frog hits you.
* * * LOW HITPOINT WARNING * * *
The blink frog blinks!
The blink frog misses you.
Really quaff
r - 6 potions of curing {@q1 !q}?
You feel better.
You feel less invigorated. You block the blink frog's attack.
The blink frog blinks! x2
The blink frog hits you!
* * * LOW HITPOINT WARNING * * *
You slash the blink frog!
You kill the blink frog!
Makhleb accepts your kill.
The blink frog blinks!
Okay, then.
It was a potion of mutation.
You feel extremely strange.
You feel genetically stable.
The blink frog blinks!
The blink frog hits you!
You die...

#.+#. #.$# #.## #..#
## ###..#
#.#####.ยง.##
#...#.....# #####
#.#.#F##..## #....
#.#.@.#>...# #....
#.F####.P.#### ##....
#...#...#....###.....
###.#.##........+....
#.#.#...#..######....
#.#.#.....## #....
#.......#.# #.#'#
##.####.### ###.# ###
#.# #..


You could see 2 blink frogs.

Vanquished Creatures
  3 blink frogs (Lair:1)
  2 yaks (D:7)
  3 soldier ants (D:8)
  A water moccasin (Lair:1)
  4 porcupines (D:7)
  An ice beast (D:5)
  An ogre (D:4)
  2 sky beasts
  A phantom (D:6)
  2 orc warriors
  2 centaurs (D:8)
  3 bullfrogs (D:7)
  A crocodile (D:5)
  Blork the orc (D:5)
  A wyvern zombie (D:7)
  2 scorpions
  4 wights (D:7)
  4 crimson imps
  An orc priest (D:4)
  A hound (D:5)
  3 jellies
  A bullfrog skeleton (D:4)
  8 orc wizards
  7 worker ants
  A hound skeleton (D:8)
  A howler monkey zombie (D:5)
  A worker ant zombie (D:5)
  11 gnolls
  3 adders
  2 shadow imps (D:5)
  An ooze (D:5)
  An adder zombie (D:6)
  2 adder skeletons
  5 worms
  4 dart slugs
  3 leopard geckos
  31 orcs
  5 bats (D:1)
  2 giant cockroaches
  7 hobgoblins
  4 jackals
  3 quokkas
  A ball python (D:1)
  3 frilled lizards
  4 goblins
  A jackal zombie (D:4)
  5 kobolds
  6 rats
  7 fungi (D:7)
  4 plants
177 creatures vanquished.

Vanquished Creatures (others)
  6 fungi (D:7)
  2 plants (D:7)
8 creatures vanquished.

Grand Total: 185 creatures vanquished

Notes
Turn   | Place    | Note
-------+----------+-------------------------------------------
     0 | D:1      | MisterOstroum the Minotaur Archaeologist began the quest
                  | for the Orb.
     0 | D:1      | Reached XP level 1. HP: 16/16 MP: 0/0
   368 | D:1      | Reached XP level 2. HP: 24/24 MP: 1/1
   637 | D:2      | Reached skill level 1 in Shields
   928 | D:2      | Reached XP level 3. HP: 14/30 MP: 2/2
  1365 | D:3      | Reached skill level 1 in Axes
  1394 | D:3      | Found a burning altar of Makhleb.
  1424 | D:3      | Became a worshipper of Makhleb the Destroyer
  1464 | D:3      | Reached XP level 4. HP: 37/37 MP: 3/3
  1829 | D:3      | Found a faded altar of an unknown god.
  2009 | D:4      | Noticed a sky beast
  2061 | D:4      | Reached XP level 5. HP: 41/45 MP: 4/4
  2094 | D:4      | Reached * piety under Makhleb
  2118 | D:4      | Noticed an ogre
  2466 | D:4      | Reached skill level 5 in Axes
  2466 | D:4      | Reached XP level 6. HP: 41/52 MP: 5/5
  2645 | D:4      | Reached skill level 5 in Fighting
  2871 | D:4      | Reached XP level 7. HP: 61/61 MP: 6/6
  3014 | D:4      | Reached ** piety under Makhleb
  3178 | D:5      | Entered Level 5 of the Dungeon
  3339 | D:5      | Reached XP level 8. HP: 40/70 MP: 7/7
  3617 | D:5      | Found Gaoli's General Store.
  3621 | D:5      | Bought a scroll of teleportation for 39 gold pieces
  3621 | D:5      | Bought a scroll of enchant armour for 97 gold pieces
  3791 | D:5      | Reached skill level 1 in Armour
  3814 | D:5      | Noticed Blork the orc
  3819 | D:5      | Killed Blork the orc
  3919 | D:5      | Found Xyeluo's Book Shoppe.
  4210 | D:6      | Reached skill level 1 in Invocations
  4960 | D:7      | Found a staircase to the Ecumenical Temple.
  5031 | D:7      | Found a staircase to the Lair.
  5044 | D:7      | Reached skill level 5 in Armour
  5044 | D:7      | Reached XP level 9. HP: 79/79 MP: 9/9
  5050 | D:7      | Reached skill level 5 in Dodging
  5697 | D:7      | Reached *** piety under Makhleb
  5842 | D:8      | Reached skill level 5 in Invocations
  6105 | D:8      | Noticed Harold
  6297 | Lair:1   | Entered Level 1 of the Lair of Beasts
  6355 | Lair:1   | Reached XP level 10. HP: 85/92 MP: 13/13
  6378 | Lair:1   | Gained mutation: You are somewhat resistant to further
                  | mutation. [potion of mutation]
  6378 | Lair:1   | Slain by a blink frog

Skill      XL: |  1  2  3  4  5  6  7  8  9 |
---------------+----------------------------+-----
Fighting       | 2 3 4 5 7 9 |  9.9
Maces & Flails | 2 4 |  4.8
Shields        | 2 3 4 |  4.2
Axes           | 2 3 5 8 9 |  9.5
Armour         | 5 |  5.5
Dodging        | 4 5 |  5.0
Invocations    | 2 6 |  6.3
Stealth        | |  2.6

Action                   |  1- 3 |  4- 6 |  7- 9 | 10-12 || total
-------------------------+-------+-------+-------+-------++-------
Melee: Whip              |    97 |    90 |       |       ||   187
       Headbutt          |    12 |    31 |    33 |     1 ||    77
       Hand axe          |       |   101 |     4 |       ||   105
       Broad axe         |       |       |   228 |    12 ||   240
Throw: Stone             |     3 |     3 |       |       ||     6
Invok: Lesser Servant of |       |       |     1 |       ||     1
  Use: Scroll            |     5 |     1 |     1 |       ||     7
       Potion            |       |     1 |     1 |     4 ||     6
 Stab: Sleeping          |     5 |     1 |       |       ||     6
  Eat: Chunk             |     2 |     5 |    10 |       ||    17
Armor: Robe              |    35 |       |       |       ||    35
       Ring mail         |     3 |    87 |    15 |       ||   105
       Plate armour      |       |       |    68 |     5 ||    73
Dodge: Dodged            |    66 |   100 |    54 |     4 ||   224
Block: Buckler           |    11 |    35 |    39 |     1 ||    86
